3A
BELLEVUE BRUINS @ MYRTLE BEACH SEAHAWKS
07/16/2022
 
TOP OF THE 1ST
Bellevue Bruins batting - Pitching for Myrtle Beach Seahawks : RHP Mario Ruíz
Pitching: RHP Mario Ruíz
Batting: RHB Nick Hoskins 0-0: Called Strike
0-1: Ball
1-1: Swinging Strike
1-2: Ball
2-2: SINGLE (Groundball, 4MD)
Batting: RHB Bert Motevassel Pickoff Throw to First - Out!
0-0: Swinging Strike
0-1: SINGLE (Groundball, 56D)
Batting: RHB Jesús Vargas 0-0: Ball
1-0: Foul Ball, location: 2F
1-1: Swinging Strike
1-2: Foul Ball, location: 2F
1-2: Foul Ball, location: 2F
1-2: Ball
2-2: Foul Ball, location: 2F
2-2: Foul Ball, location: 2F
2-2: Strikes out swinging
Batting: RHB José Carlos Pérez 0-0: Ball
1-0: Ball
Bert Motevassel steals 2nd base
2-0: SINGLE (Line Drive, 56D)
Bert Motevassel to third
Runner from 3rd tries for Home, SAFE, no throw or cutoff
Batting: RHB Edgar González 0-0: Swinging Strike
0-1: Foul Ball, location: 2F
0-2: Ball
1-2: SINGLE (Groundball, 56D)
José Carlos Pérez to second
Batting: RHB Leo Shoemaker 0-0: Called Strike
0-1: Ball
1-1: Swinging Strike
1-2: Ball
2-2: Strikes out swinging
Top of the 1st over - 1 run(s), 4 hit(s), 0 error(s), 2 left on base; Bellevue 1 - Myrtle Beach 0
BOTTOM OF THE 1ST
Myrtle Beach Seahawks batting - Pitching for Bellevue Bruins : RHP Roberto Covas
Pitching: RHP Roberto Covas
Batting: RHB Fernando Pérez 0-0: Ball
1-0: Ball
2-0: Ball
3-0: Base on Balls
Batting: RHB José Sosa 0-0: Ball
1-0: Foul Ball, location: 2F
1-1: Grounds into double play, 4-6-3 (Groundball, 34)
Batting: SHB Jorge Barrios 0-0: Ball
1-0: Ball
2-0: Foul Ball, location: 2F
2-1: Fly out, F7 (Flyball, 78M)
Bottom of the 1st over - 0 run(s), 0 hit(s), 0 error(s), 0 left on base; Bellevue 1 - Myrtle Beach 0
TOP OF THE 2ND
Bellevue Bruins batting - Pitching for Myrtle Beach Seahawks : RHP Mario Ruíz
Batting: SHB Jesús Rodríguez 0-0: Ball
1-0: Swinging Strike
1-1: Ball
2-1: Swinging Strike
2-2: Foul Ball, location: 2F
2-2: Ball
3-2: Fly out, F2 (Popup, 2LF)
Batting: SHB Ramón García 0-0: Foul Ball, location: 2F
0-1: Ground out 1-3 (Groundball, 23)
Batting: RHB Mark Bishop 0-0: Foul Ball, location: 2F
0-1: Ball
1-1: Ball
2-1: Called Strike
2-2: Foul Ball, location: 2F
2-2: Fly out, F9 (Flyball, 9M)
Top of the 2nd over - 0 run(s), 0 hit(s), 0 error(s), 0 left on base; Bellevue 1 - Myrtle Beach 0
BOTTOM OF THE 2ND
Myrtle Beach Seahawks batting - Pitching for Bellevue Bruins : RHP Roberto Covas
Batting: RHB Rodrigo Lugo 0-0: SINGLE (Groundball, 6MD) (infield hit)
Batting: SHB Tony Martínez 0-0: Ball
Rodrigo Lugo steals 2nd base
1-0: Swinging Strike
1-1: Foul Ball, location: 2F
1-2: Ball
2-2: Strikes out swinging
Batting: RHB Manuel Díaz 0-0: Ball
1-0: Ball
2-0: Called Strike
2-1: Swinging Strike
2-2: Ball
3-2: SINGLE (Line Drive, 78S)
Rodrigo Lugo to third
Runner from 3rd tries for Home, SAFE, no throw or cutoff
Batting: RHB Guillaume Colin 0-0: Ball
Manuel Díaz is caught stealing 2nd base
1-0: Ball
2-0: Called Strike
2-1: Foul Ball, location: 2F
2-2: Foul Ball, location: 2F
2-2: Foul Ball, location: 2F
2-2: Strikes out swinging
Bottom of the 2nd over - 1 run(s), 2 hit(s), 0 error(s), 0 left on base; Bellevue 1 - Myrtle Beach 1
TOP OF THE 3RD
Bellevue Bruins batting - Pitching for Myrtle Beach Seahawks : RHP Mario Ruíz
Batting: RHB Nick Hoskins 0-0: Foul Ball, location: 2F
0-1: SINGLE (Flyball, 6MD)
Batting: RHB Bert Motevassel 0-0: Swinging Strike
0-1: Foul Ball, location: 2F
0-2: Ball
1-2: Strikes out swinging
Batting: RHB Jesús Vargas Balk!
Nick Hoskins to second
0-0: Ball
1-0: Foul Ball, location: 2F
1-1: Swinging Strike
1-2: Strikes out swinging
Batting: RHB José Carlos Pérez 0-0: Called Strike
0-1: Foul Ball, location: 2F
0-2: Ball
1-2: Ball
2-2: Ball
3-2: Base on Balls
Batting: RHB Edgar González 0-0: Called Strike
0-1: Ground out 1-3 (Groundball, 13S)
Top of the 3rd over - 0 run(s), 1 hit(s), 0 error(s), 2 left on base; Bellevue 1 - Myrtle Beach 1
BOTTOM OF THE 3RD
Myrtle Beach Seahawks batting - Pitching for Bellevue Bruins : RHP Roberto Covas
Batting: RHB Roberto Escues 0-0: SINGLE (Groundball, 56D)
Batting: RHB Jim Unknown 0-0: Foul Ball, location: 2F
0-1: Ball
1-1: Ball
2-1: Ball
3-1: Base on Balls
Roberto Escues to second
Batting: RHB Fernando Pérez 0-0: Called Strike
0-1: Swinging Strike
0-2: Fly out, F9 (Flyball, 9M)
Batting: RHB José Sosa 0-0: Ball
1-0: Called Strike
1-1: Called Strike
1-2: Strikes out swinging
Batting: SHB Jorge Barrios 0-0: Ball
1-0: Called Strike
1-1: Foul Ball, location: 2F
1-2: Strikes out swinging
Bottom of the 3rd over - 0 run(s), 1 hit(s), 0 error(s), 2 left on base; Bellevue 1 - Myrtle Beach 1
TOP OF THE 4TH
Bellevue Bruins batting - Pitching for Myrtle Beach Seahawks : RHP Mario Ruíz
Batting: RHB Leo Shoemaker 0-0: Ground out 5-3 (Groundball, 56)
Batting: SHB Jesús Rodríguez 0-0: Swinging Strike
0-1: Ball
1-1: Ball
2-1: Ball
3-1: Base on Balls
Batting: SHB Ramón García 0-0: Fly out, F8 (Flyball, 8LM)
Batting: RHB Mark Bishop 0-0: DOUBLE (Flyball, 7M)
Jesús Rodríguez to third
Batting: RHB Nick Hoskins 0-0: Ball
1-0: Ball
2-0: Ground out 6-3 (Groundball, 6)
Top of the 4th over - 0 run(s), 1 hit(s), 0 error(s), 2 left on base; Bellevue 1 - Myrtle Beach 1
BOTTOM OF THE 4TH
Myrtle Beach Seahawks batting - Pitching for Bellevue Bruins : RHP Roberto Covas
Batting: RHB Rodrigo Lugo 0-0: Ball
1-0: Ball
2-0: Ball
3-0: Called Strike
3-1: Fly out, F8 (Flyball, 8LS)
Batting: SHB Tony Martínez 0-0: Foul Ball, location: 2F
0-1: Ball
1-1: Ball
2-1: Swinging Strike
2-2: Foul Ball, location: 2F
2-2: Strikes out looking
Batting: RHB Manuel Díaz 0-0: Ball
1-0: Ground out 4-3 (Groundball, 4M)
Bottom of the 4th over - 0 run(s), 0 hit(s), 0 error(s), 0 left on base; Bellevue 1 - Myrtle Beach 1
TOP OF THE 5TH
Bellevue Bruins batting - Pitching for Myrtle Beach Seahawks : RHP Mario Ruíz
Batting: RHB Bert Motevassel 0-0: Ball
1-0: Foul Ball, location: 2F
1-1: Ball
2-1: Called Strike
2-2: SINGLE (Groundball, 34D)
Batting: RHB Jesús Vargas 0-0: Ball
1-0: Called Strike
Bert Motevassel steals 2nd base
1-1: Called Strike
1-2: Ground out 6-3 (Groundball, 6M)
Bert Motevassel to third
Batting: RHB José Carlos Pérez 0-0: Intentional Walk
Batting: RHB Edgar González 0-0: Called Strike
0-1: SINGLE (Line Drive, 6M)
Bert Motevassel scores
José Carlos Pérez to second
Batting: RHB Leo Shoemaker 0-0: Ball
1-0: Foul Ball, location: 2F
1-1: Swinging Strike
1-2: Foul Ball, location: 2F
1-2: Ball
2-2: Ball
3-2: Strikes out swinging
Batting: SHB Jesús Rodríguez 0-0: Called Strike
0-1: Foul Ball, location: 2F
0-2: Strikes out swinging
Top of the 5th over - 1 run(s), 2 hit(s), 0 error(s), 2 left on base; Bellevue 2 - Myrtle Beach 1
BOTTOM OF THE 5TH
Myrtle Beach Seahawks batting - Pitching for Bellevue Bruins : RHP Roberto Covas
Batting: RHB Guillaume Colin 0-0: Ball
1-0: Ball
2-0: Ball
3-0: Base on Balls
Batting: RHB Roberto Escues 0-0: Sac Bunt - play at first, batter OUT! 1-4
Guillaume Colin to second
Batting: RHB Jim Unknown 0-0: Ball
Wild Pitch!
Guillaume Colin to third
1-0: Foul Ball, location: 2F
1-1: Swinging Strike
1-2: Ball
2-2: Ball
Wild Pitch!
Guillaume Colin scores
3-2: Foul Ball, location: 2F
3-2: Base on Balls
Batting: RHB Fernando Pérez 0-0: Ball
1-0: Called Strike
1-1: Fielders Choice at 2nd, 4-6 (Groundball, 4)
Batting: RHB José Sosa 0-0: Fielders Choice at 2nd, U4 (Groundball, 4M)
Bottom of the 5th over - 1 run(s), 0 hit(s), 0 error(s), 1 left on base; Bellevue 2 - Myrtle Beach 2
TOP OF THE 6TH
Bellevue Bruins batting - Pitching for Myrtle Beach Seahawks : RHP Mario Ruíz
Batting: SHB Ramón García 0-0: Called Strike
0-1: Ball
1-1: Called Strike
1-2: Ball
2-2: Strikes out swinging
Batting: RHB Mark Bishop 0-0: Ball
1-0: SINGLE (Groundball, 5S) (infield hit)
Batting: RHB Nick Hoskins 0-0: Ball
Mark Bishop is caught stealing 2nd base
1-0: Ball
2-0: Fly out, F9 (Flyball, 89M)
Top of the 6th over - 0 run(s), 1 hit(s), 0 error(s), 0 left on base; Bellevue 2 - Myrtle Beach 2
BOTTOM OF THE 6TH
Myrtle Beach Seahawks batting - Pitching for Bellevue Bruins : RHP Roberto Covas
Batting: SHB Jorge Barrios 0-0: SINGLE (Line Drive, 34)
Batting: RHB Rodrigo Lugo 0-0: Ball
1-0: Ball
2-0: DOUBLE (Groundball, 5D)
Jorge Barrios to third
Batting: SHB Tony Martínez 0-0: Called Strike
0-1: Ball
1-1: Swinging Strike
1-2: Strikes out swinging
Batting: RHB Manuel Díaz 0-0: Called Strike
0-1: SINGLE (Line Drive, 6MD)
Jorge Barrios scores
Rodrigo Lugo to third
Batting: RHB Guillaume Colin 0-0: Ball
1-0: Swinging Strike
1-1: DOUBLE (Flyball, 78XD)
Rodrigo Lugo scores
Manuel Díaz to third
Batting: RHB Roberto Escues 0-0: Ball
1-0: Called Strike
1-1: Foul Ball, location: 2F
1-2: Fly out, F4 (Popup, 34D)
Batting: RHB Jim Unknown 0-0: Ball
1-0: Ball
2-0: Ball
Wild Pitch!
Manuel Díaz scores
Guillaume Colin to third
3-0: Base on Balls
Batting: RHB Fernando Pérez 0-0: Foul Ball, location: 2F
0-1: Ball
1-1: Called Strike
1-2: Strikes out swinging
Bottom of the 6th over - 3 run(s), 4 hit(s), 0 error(s), 2 left on base; Bellevue 2 - Myrtle Beach 5
TOP OF THE 7TH
Bellevue Bruins batting - Pitching for Myrtle Beach Seahawks : RHP Mario Ruíz
Batting: RHB Bert Motevassel 0-0: Ball
1-0: Called Strike
1-1: Ball
2-1: SINGLE (Groundball, 56D) (infield hit)
Pitching: RHP Randall McLean
Batting: RHB Jesús Vargas 0-0: Ball
1-0: Foul Ball, location: 2F
1-1: Called Strike
1-2: Strikes out swinging
Batting: RHB José Carlos Pérez 0-0: Foul Ball, location: 2F
0-1: Swinging Strike
0-2: Ball
1-2: Ball
2-2: Strikes out swinging
Batting: RHB Edgar González 0-0: SINGLE (Groundball, 56D)
Bert Motevassel to second
Batting: RHB Leo Shoemaker 0-0: Ball
1-0: Ball
2-0: SINGLE (Groundball, 5D)
Bert Motevassel to third
Edgar González to second
Runner from 3rd tries for Home, SAFE, no throw or cutoff
Pinch Hitting: SHB Arsenio Sameiro 0-0: Ball
1-0: Called Strike
1-1: Foul Ball, location: 2F
1-2: Fly out, F1 (Popup, 13S)
Top of the 7th over - 1 run(s), 3 hit(s), 0 error(s), 2 left on base; Bellevue 3 - Myrtle Beach 5
BOTTOM OF THE 7TH
Myrtle Beach Seahawks batting - Pitching for Bellevue Bruins : RHP Roberto Covas
Now at 1B: Arsenio Sameiro
Batting: RHB José Sosa 0-0: Swinging Strike
0-1: Foul Ball, location: 2F
0-2: Ball
1-2: SINGLE (Groundball, 56D)
Batting: SHB Jorge Barrios 0-0: Ball
1-0: Ball
2-0: Called Strike
2-1: Foul Ball, location: 2F
2-2: Strikes out looking
Batting: RHB Rodrigo Lugo 0-0: Called Strike
0-1: Ball
1-1: Foul Ball, location: 2F
1-2: Foul Ball, location: 2F
1-2: Ball
2-2: SINGLE (Line Drive, 8RS)
José Sosa to second
Batting: SHB Tony Martínez 0-0: SINGLE (Groundball, 4M)
José Sosa to third
Rodrigo Lugo to second
Runner from 3rd tries for Home, SAFE, throw made home
Pitching: RHP Joe Griffin
Batting: RHB Manuel Díaz 0-0: Ball
1-0: Swinging Strike
1-1: Foul Ball, location: 2F
1-2: Strikes out looking
Batting: RHB Guillaume Colin 0-0: Swinging Strike
0-1: Ball
1-1: Foul Ball, location: 2F
1-2: Ball
2-2: Foul Ball, location: 2F
2-2: SINGLE (Line Drive, 8LS)
Rodrigo Lugo to third
Tony Martínez to second
Runner from 3rd tries for Home, SAFE, no throw or cutoff
Batting: RHB Roberto Escues 0-0: Ball
1-0: SINGLE (Groundball, 34S)
Tony Martínez to third
Guillaume Colin to second
Runner from 3rd tries for Home, SAFE, no throw or cutoff
Batting: RHB Jim Unknown 0-0: Ball
1-0: Called Strike
1-1: Called Strike
1-2: Ball
2-2: Foul Ball, location: 2F
2-2: DOUBLE (Line Drive, 89M)
Guillaume Colin scores
Roberto Escues to third
Runner from 3rd tries for Home, SAFE, no throw or cutoff
Batting: RHB Fernando Pérez 0-0: Called Strike
0-1: Swinging Strike
0-2: Foul Ball, location: 2F
0-2: Ball
1-2: Foul Ball, location: 2F
1-2: Ground out 5-3 (Groundball, 5)
Bottom of the 7th over - 5 run(s), 6 hit(s), 0 error(s), 1 left on base; Bellevue 3 - Myrtle Beach 10
TOP OF THE 8TH
Bellevue Bruins batting - Pitching for Myrtle Beach Seahawks : RHP Randall McLean
Batting: SHB Ramón García 0-0: Swinging Strike
0-1: Swinging Strike
0-2: Ball
1-2: Strikes out swinging
Batting: RHB Mark Bishop 0-0: Called Strike
0-1: DOUBLE (Line Drive, 78XD)
Batting: RHB Nick Hoskins 0-0: Swinging Strike
0-1: Swinging Strike
0-2: Strikes out swinging
Batting: RHB Bert Motevassel 0-0: SINGLE (Groundball, 23) (infield hit)
Mark Bishop to third
Batting: RHB Jesús Vargas 0-0: Ball
1-0: Swinging Strike
1-1: Ball
2-1: Ball
3-1: Swinging Strike
3-2: Fly out, F9 (Flyball, 9M)
Top of the 8th over - 0 run(s), 2 hit(s), 0 error(s), 2 left on base; Bellevue 3 - Myrtle Beach 10
BOTTOM OF THE 8TH
Myrtle Beach Seahawks batting - Pitching for Bellevue Bruins : RHP Joe Griffin
Batting: RHB José Sosa 0-0: Ball
1-0: Ground out 5-3 (Groundball, 56)
Batting: SHB Jorge Barrios 0-0: Called Strike
0-1: Ball
1-1: Called Strike
1-2: Ball
2-2: Fly out, F5 (Popup, 2L)
Batting: RHB Rodrigo Lugo 0-0: Ball
1-0: Ball
2-0: Called Strike
2-1: Foul Ball, location: 2F
2-2: Strikes out swinging
Bottom of the 8th over - 0 run(s), 0 hit(s), 0 error(s), 0 left on base; Bellevue 3 - Myrtle Beach 10
TOP OF THE 9TH
Bellevue Bruins batting - Pitching for Myrtle Beach Seahawks : RHP Randall McLean
Pitching: RHP Andrew Webster
Batting: RHB José Carlos Pérez 0-0: SINGLE (Groundball, 56D)
Batting: RHB Edgar González 0-0: Called Strike
0-1: DOUBLE (Line Drive, 7LM)
José Carlos Pérez to third
Runner from 3rd tries for Home, SAFE, throw made home
Batting: RHB Leo Shoemaker 0-0: Ball
1-0: Called Strike
1-1: Ball
2-1: Swinging Strike
2-2: Strikes out swinging
Batting: SHB Arsenio Sameiro 0-0: Ball
1-0: Foul Ball, location: 2F
1-1: Ball
2-1: Foul Ball, location: 2F
2-2: Strikes out swinging
Batting: SHB Ramón García 0-0: Ball
1-0: Ball
2-0: Fly out, F7 (Flyball, 78M)
Top of the 9th over - 1 run(s), 2 hit(s), 0 error(s), 1 left on base; Bellevue 4 - Myrtle Beach 10
This league is powered by Out of the Park Baseball, the baseball management simulation game for PC, Mac and Linux
Friday, April 15th, 2016 - OOTP Baseball 16.9 Build 39